[Event "34th GER-ch Seniors-50 2022"]
[Site "Magdeburg"]
[Date "2022.08.15"]
[Round "4.7"]
[White "Balzer, Lars"]
[Black "Heck, Norbert"]
[Result "1/2-1/2"]
[ECO "B26"]
[WhiteElo "2012"]
[BlackElo "2249"]
[Annotator "TA"]
[PlyCount "36"]
[EventDate "2022.08.12"]
[EventType "swiss"]
[EventCountry "GER"]
[SourceTitle "playchess.com"]
[Source "ChessBase"]
[SourceQuality "1"]
[TimeControl "40/5400+30:1800+30"]

1. e4 c5 2. Nc3 Nc6 3. g3 g6 4. d3 Bg7 5. Be3 d6 6. Qd2 e6 7. Bg2 Nd4 8. Nd1 Ne7 9. c3 Ndc6 10. Bh6 O-O 11. h4 f5 $2 {[%emt 0:09:21] [#]} (11... Bxh6 $11 12. Qxh6 f6) 12. h5 $18 {[%emt 0:03:41] B26: Closed Sicilian: 3 g3, lines with early Be3.} Rf7 (12... Ne5 $142) 13. Bxg7 (13. hxg6 $18 hxg6 14. Nf3) 13... Rxg7 $16 14. hxg6 {[%emt 0:01:55] White is better.} hxg6 {[%emt 0:00:30] [#]} (14... Nxg6 $16 {was necessary.} 15. Ne2 e5) 15. Nf3 $146 {[%emt 0:06:08] White is clearly better.} ({Resist} 15. Qh6 $6 Kf8 16. f4 d5 $16) ({Predecessor:} 15. Qh6 Bd7 16. Nf3 Ne5 17. Nxe5 dxe5 18. exf5 exf5 19. Bxb7 Rb8 20. Ba6 Bc6 21. Bc4+ {1-0 (52) Pham,M (1962)-Di,X (1730) Penang 2017}) 15... Ne5 16. Ng5 ({Weaker is} 16. Qh6 Nf7 17. Qh2 Qb6 $14) 16... Nf7 17. Nxf7 Kxf7 18. Ne3 Rb8 {[%emt 0:02:13] Weighted Error Value: White=0.16 (very precise) /Black=0.80} 1/2-1/2

[Event "34th GER-ch Seniors-50 2022"]
[Site "Magdeburg"]
[Date "2022.08.15"]
[Round "4.8"]
[White "Stahr, Ralf-Peter"]
[Black "Cmiel, Thorsten"]
[Result "0-1"]
[ECO "A13"]
[WhiteElo "2147"]
[BlackElo "2018"]
[Annotator "TA"]
[PlyCount "66"]
[EventDate "2022.08.12"]
[EventType "swiss"]
[EventCountry "GER"]
[SourceTitle "playchess.com"]
[Source "ChessBase"]
[SourceQuality "1"]
[TimeControl "40/5400+30:1800+30"]

1. c4 e6 2. Nc3 d5 3. Nf3 c6 4. e4 d4 5. Ne2 c5 $1 6. d3 {[%emt 0:00:09][%cal Ob2b4] A13: English Opening: 1...e6.} Nc6 7. g3 e5 8. Bg2 {[%emt 0:01:06] [#] Black is slightly better.} f6 $146 ({Predecessor:} 8... Be7 9. O-O Bg4 10. h3 Be6 11. Ne1 Qd7 12. Kh2 O-O-O 13. f4 {½-½ (13) Springer,G (2074)-Timme,K (1942) Greifswald 2003}) 9. Nh4 g5 10. Nf5 Nge7 11. g4 h5 12. gxh5 Nxf5 13. exf5 Bxf5 {[%emt 0:01:27] ...Nb4 is the strong threat.} 14. Ng3 Be6 15. Be4 Qd7 16. Qf3 Bg7 (16... O-O-O $1 $15) 17. Nf5 $36 {[%emt 0:00:58][%mdl 2048] White has good play.} Bxf5 (17... Bf8 $11) 18. Bxf5 $16 Qc7 {[%emt 0:01:29] [#]} (18... Qe7 $16) 19. Bg6+ (19. h4 $1 $18 ) 19... Kd8 {[%emt 0:00:36] [#]} 20. h4 $1 gxh4 (20... Qe7 $16) 21. Rxh4 {[%emt 0:00:33] And now h6 would win.} Rf8 (21... Ne7 {was necessary.}) 22. h6 {[%emt 0:01:32] Threatens to win with Qd5+.} Bh8 23. Bd2 Qd6 (23... Ne7 {was called for.}) 24. O-O-O $18 Kc7 25. Rh5 Rab8 26. Kb1 Ne7 27. Be4 (27. Bf5 $18) 27... Qe6 $2 ({Better is} 27... f5 $1 $14) 28. Bf5 ({White should play} 28. Rc1 $18) 28... Qc6 (28... Nxf5 $16 {was worth a try.} 29. Rxf5 (29. Qxf5 Qxf5 30. Rxf5 Rg8 $16) 29... Qd7) 29. Be4 {[%emt 0:09:16] A strong pair of Bishops.} Qe6 30. Re1 b6 31. h7 Rbd8 32. Qg3 Qf7 33. Bh6 $4 Qxh5 {[%emt 0:00:16] Weighted Error Value: White=0.57/Black=0.39} 0-1

[Event "34th GER-ch Seniors-50 2022"]
[Site "Magdeburg"]
[Date "2022.08.16"]
[Round "5.1"]
[White "Koscielski, Janusz"]
[Black "Wacker, Peter"]
[Result "1/2-1/2"]
[ECO "C57"]
[WhiteElo "2255"]
[BlackElo "2263"]
[Annotator "TA"]
[PlyCount "42"]
[EventDate "2022.08.12"]
[EventType "swiss"]
[EventCountry "GER"]
[SourceTitle "playchess.com"]
[Source "ChessBase"]
[SourceQuality "1"]
[TimeControl "40/5400+30:1800+30"]

1. e4 e5 2. Nf3 Nc6 3. Nc3 Nf6 4. Bb5 Nd4 5. Bc4 d6 6. Ng5 d5 7. exd5 h6 {[%emt 0:05:59] C57: Two Knights: Wilkes-Barre/Traxler and 4 Ng5 d5 5 exd5, unusual Black 5th moves.} 8. Nf3 Bg4 {[%emt 0:00:08] [#] ...e4 is the strong threat.} 9. Be2 Bxf3 10. Bxf3 Nxf3+ 11. Qxf3 Bb4 12. O-O O-O 13. d3 Bxc3 14. bxc3 Qxd5 15. Qxd5 {[%emt 0:02:43] [#] Not much happened in this game.  Weighted Error Value: White=0.06 (flawless) /Black=0.04 (flawless)} {Predecessor:} Nxd5 $146 16. Bb2 f6 17. c4 Nf4 18. Rfe1 Kf7 19. Rab1 b6 20. a4 Ne6 21. a5 g5 {½-½ (38) Vallejo Pons,F (2686)-Kramnik,V (2754) Monte Carlo 2005} 1/2-1/2

[Event "34th GER-ch Seniors-50 2022"]
[Site "Magdeburg"]
[Date "2022.08.16"]
[Round "5.2"]
[White "Pitschka, Claus"]
[Black "Reddmann, Hauke"]
[Result "1/2-1/2"]
[ECO "A46"]
[WhiteElo "2188"]
[BlackElo "2181"]
[Annotator "TA"]
[PlyCount "22"]
[EventDate "2022.08.12"]
[EventType "swiss"]
[EventCountry "GER"]
[SourceTitle "playchess.com"]
[Source "ChessBase"]
[SourceQuality "1"]
[TimeControl "40/5400+30:1800+30"]

1. d4 Nf6 2. Nf3 e6 3. Bf4 c5 4. e3 Qb6 5. Na3 d5 6. Nb5 {[%emt 0:00:45] A46: 1 d4 Nf6 2 Nf3 e6: Torre, London and Colle Systems.} Na6 {[%emt 0:00:05] Against Bc7} 7. h3 Bd7 8. a4 c4 9. Be2 Bxb5 {[%emt 0:02:15] The position is equal.} 10. axb5 {[%emt 0:00:05] [#]} Nc7 $146 ({Predecessor:} 10... Qxb5 11. O-O Qb6 12. b3 c3 13. Bxa6 bxa6 14. Qd3 Bb4 15. Rxa6 Qb7 16. Rfa1 O-O {1-0 (37) Robinson,D (1926)-Rodriguez,J (1967) Penarth 2013}) 11. Bxc7 Qxc7 {[%emt 0:01:20] A rather calm draw.  Weighted Error Value: White=0.06 (flawless) /Black=0.03 (flawless)} 1/2-1/2

[Event "34th GER-ch Seniors-50 2022"]
[Site "Magdeburg"]
[Date "2022.08.16"]
[Round "5.3"]
[White "Puschendorf, Steffen"]
[Black "Zude, Arno"]
[Result "0-1"]
[ECO "E04"]
[WhiteElo "2107"]
[BlackElo "2371"]
[Annotator "TA"]
[PlyCount "60"]
[EventDate "2022.08.12"]
[EventType "swiss"]
[EventCountry "GER"]
[SourceTitle "playchess.com"]
[Source "ChessBase"]
[SourceQuality "1"]
[TimeControl "40/5400+30:1800+30"]

1. d4 Nf6 2. c4 e6 3. g3 d5 4. Nf3 dxc4 5. Bg2 a6 6. O-O Nc6 7. Bg5 {[%emt 0:03:47] E04: Open Catalan: 5 Nf3.} Be7 8. a4 {[%emt 0:03:39] [#]} h6 $146 ({Predecessor:} 8... Bd7 9. Na3 h6 10. Bxf6 Bxf6 11. Nxc4 O-O 12. e3 Qe7 13. a5 Rac8 14. Qe2 Rfe8 {½-½ (53) Barrionuevo,P (2259)-Perestjuk,M (2160) Chess.com INT 2020}) 9. Bxf6 {[%emt 0:00:59] The position is equal.} Bxf6 10. e3 Rb8 11. a5 b5 12. axb6 $1 cxb6 13. b3 (13. Nfd2 $11 {keeps the balance.} Na5 14. Qh5) 13... cxb3 $17 {[%emt 0:05:30] Black keeps a firm grip on the game.} 14. Qxb3 O-O 15. Nc3 a5 16. Ne4 Be7 17. Rfd1 Nb4 18. Ne5 Bb7 19. Rac1 Rc8 {[%emt 0:12:03] Hoping for ...Rxc1.} 20. Qa4 Rc7 {[%emt 0:04:26] Against Qd7} 21. Qa1 (21. h3 $142) 21... Rxc1 $19 22. Rxc1 Qa8 23. f3 Rc8 24. Nd7 (24. Nc3 $142 Bg5 25. Nd1) 24... Rxc1+ 25. Qxc1 Qd8 26. Ne5 Qc8 27. Qxc8+ Bxc8 28. Nc4 (28. Nc3 {was called for.}) 28... a4 {[%emt 0:07:24][%cal Ba5a4,Ba4a3][%mdl 32] And now ...Nd5 would win.} 29. Nxb6 {[%emt 0:04:24] [#]} a3 $1 30. Nc3 ({Don't go for} 30. Nxc8 $2 a2 31. Bf1 Kf8 32. Nxe7 Kxe7 $19) 30... Ba6 {[%emt 0:01:50] Weighted Error Value: White=0.39/Black=0.15 (very precise)} 0-1

[Event "34th GER-ch Seniors-50 2022"]
[Site "Magdeburg"]
[Date "2022.08.16"]
[Round "5.4"]
[White "Pirrot, Dieter"]
[Black "Willsch, Matthias"]
[Result "1-0"]
[ECO "C02"]
[WhiteElo "2328"]
[BlackElo "2104"]
[Annotator "TA"]
[PlyCount "73"]
[EventDate "2022.08.12"]
[EventType "swiss"]
[EventCountry "GER"]
[SourceTitle "playchess.com"]
[Source "ChessBase"]
[SourceQuality "1"]
[TimeControl "40/5400+30:1800+30"]

1. e4 e6 2. d4 d5 3. e5 c5 4. c3 Nc6 5. Nf3 Nh6 6. Bd3 Nf5 7. h4 {[%emt 0:05:00] C02: French: Advance Variation.} cxd4 8. g4 ({Better is} 8. Bxf5 $11 exf5 9. cxd4) 8... Nh6 $1 $15 {[%emt 0:04:26] [#]} 9. Rg1 $146 {[%emt 0:00:23] The position is equal.} ({Predecessor:} 9. g5 Nf5 10. O-O h6 11. Bxf5 exf5 12. Bf4 hxg5 13. hxg5 d3 14. Qxd3 Ne7 15. e6 Bxe6 {0-1 (37) Argote Heredia,V (2215)-Prasca Sosa,R (2355) Pereira 2022}) 9... dxc3 10. Nxc3 Bb4 11. Bd2 Bxc3 (11... a6 $142) 12. Bxc3 $11 Bd7 13. b4 a6 14. a4 d4 15. Bd2 {[%emt 0:03:00][%mdl 1024] White has compensation.} Qb8 (15... b5 $11 {keeps the balance.}) 16. Qe2 {[%emt 0:01:20] White is more active.} (16. Kf1 $1 $16) 16... Ng8 $1 17. Rb1 b5 18. a5 Nge7 19. Be4 Ra7 20. Bf4 Ng6 (20... Nd5 $11 21. Bxd5 exd5) 21. Bg3 $14 h5 $2 (21... Nge7 $14) 22. gxh5 $1 $18 Nge7 {[%emt 0:00:06] [#]} 23. Ng5 (23. Bf4 $1 $18) 23... Qc8 {[%emt 0:01:34] [#]} (23... Nxe5 $2 24. Bg6 N7xg6 25. hxg6 $18) (23... Nd8 $1 $14) 24. Bd3 (24. Bf4 $1 $18 {has better winning chances.}) 24... Nf5 (24... Nd5 $142) 25. Ne4 (25. Rc1 $16) 25... Nce7 $2 (25... Qd8 $1 $14) 26. Bf4 Nd5 27. Bd2 Kf8 $2 (27... Qd8 $16) 28. h6 (28. Qg4 $142 {Black must now prevent Nd6.} Ke7 29. Nd6 Nxd6 30. exd6+ (30. Qxg7 Rxh5 31. exd6+ Kxd6 $16) 30... Kxd6 31. Qxd4) 28... Nxh6 $2 (28... Rxh6 29. Bxh6 Nxh6) 29. Qh5 {[%emt 0:01:41] Threatens to win with Nd6.} Be8 30. Nd6 ({Weaker is} 30. Qg5 g6 $11) 30... Qd8 31. Rc1 {[%emt 0:06:27] Hoping for Rc8. The board is on fire.} Nc3 32. Bg5 $2 ({Not} 32. Bxc3 dxc3 33. Rxc3 Rc7 34. Rxc7 Qxc7 $18) (32. Bxh6 $18 {and White stays clearly on top.} Rxh6 33. Qg4) 32... Qd7 $2 (32... f6 $16 33. Qf3 (33. Nxe8 fxg5 34. Nd6 Kg8 $16) 33... Ng8) 33. Bxh6 {[%emt 0:01:07][%mdl 64] Remove Defender. White is clearly winning.} Rxh6 34. Qg4 f5 35. Qxd4 Ne4 36. Bxe4 Rxh4 {[%emt 0:00:15] [#]} 37. Qc5 $1 {[%emt 0:01:38][%csl LRb5,LRf5] Weighted Error Value: White=0.52/Black=0.89} 1-0

[Event "34th GER-ch Seniors-50 2022"]
[Site "Magdeburg"]
[Date "2022.08.16"]
[Round "5.5"]
[White "De Roda Husman, Juan"]
[Black "Hesse, Juergen"]
[Result "1-0"]
[ECO "C90"]
[WhiteElo "2266"]
[BlackElo "1882"]
[Annotator "TA"]
[PlyCount "69"]
[EventDate "2022.08.12"]
[EventType "swiss"]
[EventCountry "GER"]
[SourceTitle "playchess.com"]
[Source "ChessBase"]
[SourceQuality "1"]
[TimeControl "40/5400+30:1800+30"]

1. e4 e5 2. Nf3 Nc6 3. Bb5 a6 4. Ba4 Nf6 5. O-O b5 6. Bb3 Be7 7. d3 d6 8. c3 O-O 9. Re1 Na5 10. Bc2 c5 11. Nbd2 Qc7 12. Nf1 Nc6 13. a4 {[%emt 0:08:31] C90: Closed Ruy Lopez with 7...d6: Early deviations.} b4 14. Ne3 a5 {[%emt 0:05:10] [#]} 15. Nd5 $146 {[%emt 0:17:39] White has an edge.} ({Predecessor:} 15. Bb3 Bd7 16. h3 Qc8 17. Kh2 Rb8 18. g4 g6 19. Rg1 bxc3 20. bxc3 Be6 21. Nd5 Bxd5 22. exd5 {½-½ (38) Leal Cortes,D (1900)-Castillo,H (2092) Bogota 2012}) 15... Nxd5 16. exd5 Nb8 17. d4 Nd7 18. dxe5 dxe5 19. c4 (19. Ng5 $14 Nf6 20. c4) 19... f5 $11 20. Ng5 {[%emt 0:03:24] [#] Strongly threatening Ne6.} Qd6 ({Black should try} 20... Nf6 $15) 21. Ne6 Rf7 22. b3 $36 {[%emt 0:02:28][%mdl 2048] White has some pressure.} e4 23. Bf4 {[%emt 0:02:39] White is more active.} Ne5 24. Nxc5 Nf3+ $2 {[%emt 0:01:39] [#] This move loses the game for Black.} (24... g6 $14) 25. Qxf3 $3 $18 Qxc5 26. Qe3 h6 27. Rad1 Bd7 28. Qxc5 Bxc5 29. Be3 Rc8 (29... Bd6 $142 30. f3 exf3 31. gxf3 Rc8) 30. Bxc5 Rxc5 31. f3 exf3 32. gxf3 Rf6 33. Re5 g6 34. Kf2 Rd6 (34... f4 {was called for.} 35. h4 Kg7) 35. Ke3 {[%emt 0:11:13] Weighted Error Value: White=0.09 (flawless) /Black=0.49} 1-0

[Event "34th GER-ch Seniors-50 2022"]
[Site "Magdeburg"]
[Date "2022.08.16"]
[Round "5.7"]
[White "Krause, Ullrich"]
[Black "Moritz, Hartmut"]
[Result "1-0"]
[ECO "E01"]
[WhiteElo "2190"]
[BlackElo "2057"]
[Annotator "TA"]
[PlyCount "63"]
[EventDate "2022.08.12"]
[EventType "swiss"]
[EventCountry "GER"]
[SourceTitle "playchess.com"]
[Source "ChessBase"]
[SourceQuality "1"]
[TimeControl "40/5400+30:1800+30"]

1. Nf3 d5 2. d4 Nf6 3. c4 c6 4. Qc2 e6 5. g3 Nbd7 6. Bg2 Bd6 7. O-O O-O 8. Nfd2 {[%emt 0:01:28] E01: Catalan: Early deviations.} e5 9. cxd5 Nxd5 10. Nc4 {[%emt 0:01:49] The position is equal.} Bc7 11. e4 N5b6 {[%emt 0:00:45] [#]} (11... Nb4 $5 12. Qc3 b5 $14) 12. Nxe5 $146 ({Predecessor:} 12. d5 cxd5 13. exd5 Nxc4 14. Qxc4 Nb6 15. Qb3 Bd6 16. Nc3 f5 17. Be3 f4 18. Bxb6 axb6 19. Ne4 Bg4 20. h3 Bxh3 {½-½ (20) Pantovic,D (2175)-Rajkovic,M (1971) Belgrade 2013}) 12... Nxe5 13. dxe5 Bxe5 14. Nc3 f5 15. f4 Bc7 (15... Bd4+ $11 16. Kh1 fxe4) 16. b3 Qf6 17. Bb2 Qf7 18. Rae1 Be6 19. Ne2 fxe4 20. Bxe4 {[%emt 0:02:23] [#] Threatens to win with Nd4.} Qh5 21. Nd4 Bh3 22. Bg2 {[%emt 0:00:15][%cal Od4c6] aiming for Nxc6!} Bxg2 (22... Nd5 $11) 23. Qxg2 $16 {[%emt 0:00:27] And now Ne6 would win.} Nd5 (23... Bd6 $14) 24. g4 ({White should play} 24. Ne6 $16) 24... Qg6 (24... Qf7 $11) 25. Ne6 $1 $14 {[%emt 0:04:41] Hoping for f5.} Bb6+ 26. Kh1 {[%emt 0:00:11] Black must now prevent f5.} Ne3 {[%emt 0:03:02] [#]} 27. Rxe3 ({Much weaker is} 27. Nxf8 Rxf8 28. Rxe3 Bxe3 $11) 27... Bxe3 28. f5 $36 {[%emt 0:00:30][%mdl 2048] White fights for an advantage.} Qf7 29. Re1 Bb6 30. Bxg7 Rfe8 31. Ba1 {[%emt 0:00:18] White is much more active.} (31. Bc3 $16 {Qd2 is the strong threat.} Qd7 32. Qf3) 31... Re7 $2 (31... Qd7 $11) 32. Qb2 {[%emt 0:00:37] Weighted Error Value: White=0.21 (precise) /Black=0.21 (precise)} 1-0

[Event "34th GER-ch Seniors-50 2022"]
[Site "Magdeburg"]
[Date "2022.08.16"]
[Round "5.8"]
[White "Juegel, Marcel"]
[Black "Kopischke, Maik"]
[Result "1-0"]
[ECO "D00"]
[WhiteElo "2126"]
[BlackElo "1838"]
[Annotator "TA"]
[PlyCount "43"]
[EventDate "2022.08.12"]
[EventType "swiss"]
[EventCountry "GER"]
[SourceTitle "playchess.com"]
[Source "ChessBase"]
[SourceQuality "1"]
[TimeControl "40/5400+30:1800+30"]

1. d4 Nf6 2. Nc3 d5 3. Bf4 c6 4. e3 g6 5. Be2 Bg7 6. Nf3 Nbd7 7. Qd2 {[%emt 0:05:21] [#] D00: 1 d4 d5: Unusual lines.} Qb6 $146 ({Predecessor:} 7... Nh5 8. Bg5 h6 9. Bh4 g5 10. Bg3 Nxg3 11. hxg3 e5 12. dxe5 Nxe5 13. O-O-O Bf5 14. Nxe5 Bxe5 {0-1 (60) Linares Napoles,O (2255)-Padmini,R (2370) Chess.com INT 2021}) 8. O-O-O Nh5 9. Rhe1 {[%emt 0:07:21] White has an edge.} O-O 10. g4 Nxf4 11. exf4 e6 (11... Qc7 $11) 12. Qe3 (12. h4 $14) 12... c5 13. h4 cxd4 14. Rxd4 ({White should play} 14. Nxd4 $11 Nb8 15. Nb3) 14... Bxd4 $15 15. Nxd4 {[%emt 0:04:07] [#]} Nc5 (15... Nb8 $1 $17 16. f5 Nc6) 16. h5 $11 Bd7 17. Rh1 (17. f5 $11 {keeps the balance.}) 17... Ne4 $2 (17... Qd6 $17) 18. Nd1 $2 (18. hxg6 $16 {and life is bright.} Nxc3 19. gxh7+ Kh8 20. bxc3) 18... Kg7 (18... g5 $17 {And now ...gxf4 would win.} 19. fxg5 Rac8) 19. Rh3 (19. Bd3 $1 $11) 19... Rac8 ({Better is} 19... g5 $17 {Hoping for ...gxf4.} 20. fxg5 e5 21. Nf5+ Bxf5 22. gxf5 Qxe3+ 23. Nxe3 Nxg5) 20. f3 $1 Nf6 {[%emt 0:00:30][%mdl 8192] [#]} (20... Nc5 $11) 21. Qe5 $1 $18 {[%emt 0:00:30] Threatens to win with h6+. Really sharp!} Qc7 $2 (21... Kg8) 22. h6+ {[%emt 0:00:30][%mdl 64] Deflection.  Weighted Error Value: White=0.61/Black=0.98} 1-0

[Event "34th GER-ch Seniors-50 2022"]
[Site "Magdeburg"]
[Date "2022.08.17"]
[Round "6.1"]
[White "Zude, Arno"]
[Black "Koscielski, Janusz"]
[Result "1-0"]
[ECO "B19"]
[WhiteElo "2371"]
[BlackElo "2255"]
[Annotator "TA"]
[PlyCount "117"]
[EventDate "2022.08.12"]
[EventType "swiss"]
[EventCountry "GER"]
[SourceTitle "playchess.com"]
[Source "ChessBase"]
[SourceQuality "1"]
[TimeControl "40/5400+30:1800+30"]

1. e4 c6 2. d4 d5 3. Nd2 dxe4 4. Nxe4 Bf5 5. Ng3 Bg6 6. h4 h6 7. Nf3 Nd7 8. h5 Bh7 9. Bd3 Bxd3 10. Qxd3 e6 11. Bd2 Ngf6 12. O-O-O Be7 13. Kb1 Qb6 {[%emt 0:01:13] B19: Classical Caro-Kann: 4...Bf5 main line.} 14. c4 O-O 15. Ne4 Nxe4 {[%emt 0:06:57] Black is slightly better.} (15... c5 $5 ) 16. Qxe4 Nf6 17. Qe2 c5 $1 18. Bc3 cxd4 19. Bxd4 Qc6 20. Ne5 Qe4+ 21. Qxe4 Nxe4 {[%emt 0:00:06] [#]} 22. Rhe1 $146 ({Predecessor:} 22. g4 Rfd8 23. f3 Bc5 24. Bxc5 Nxc5 25. b4 Na4 26. Kc2 Nb6 27. Kb3 Kf8 28. a4 {½-½ (64) Abrahamyan,T (2377)-Free,G (2015) Burlingame 2019}) 22... Nf6 23. g4 Rfd8 24. f3 Kf8 25. Rd3 {[%emt 0:08:36] White is more active.} Ke8 26. Red1 a6 27. b3 Rac8 28. Kb2 Bf8 29. Bc3 {[%emt 0:16:54] Rxd8+ is the strong threat.} Rxd3 30. Rxd3 Be7 31. Rd2 Rd8 32. Rxd8+ Bxd8 $16 {[%emt 0:00:08][%mdl 4096] Endgame KBN-KBN} 33. a4 Be7 34. b4 Bf8 {[%emt 0:07:05] [#]} (34... Nh7 $142) 35. Kb3 $1 Nd7 $2 (35... Be7 $16 {is a better defense.}) 36. Nxd7 $18 Kxd7 {[%emt 0:00:03] KB-KB} 37. c5 g6 38. f4 $2 (38. Kc4 $18) 38... gxh5 39. gxh5 Kc6 $2 {[%emt 0:02:42][%mdl 8192] [#] White stays focused until the end.} ({Black should play} 39... a5 $1 $14) 40. Kc4 Kd7 41. Bf6 $2 (41. b5) 41... Kc6 42. b5+ axb5+ 43. axb5+ Kc7 44. Kd4 Kc8 45. Be5 Kd7 46. f5 $2 ({White should try} 46. Kc4 $18 Kd8 47. Bd4) 46... Be7 $2 (46... exf5 $14 47. Bf4 Bg7+ 48. Be5 Bf8) 47. f6 {[%emt 0:01:12] White is clearly winning.} Bf8 48. Bg3 (48. Bf4 $142 Kc8 49. c6) 48... Kc8 49. Bf4 Kd7 50. Kc4 Kc8 51. c6 bxc6 52. bxc6 Kd8 53. Kb5 Kc8 54. Kb6 e5 55. Bxe5 Ba3 56. Bf4 Bb2 57. Bxh6 Bxf6 58. Bf4 Bd4+ 59. Kb5 {[%emt 0:00:08] Weighted Error Value: White=0.40/Black=0.41} 1-0

[Event "34th GER-ch Seniors-50 2022"]
[Site "Magdeburg"]
[Date "2022.08.17"]
[Round "6.2"]
[White "Krause, Ullrich"]
[Black "Pirrot, Dieter"]
[Result "0-1"]
[ECO "A96"]
[WhiteElo "2190"]
[BlackElo "2328"]
[Annotator "TA"]
[PlyCount "64"]
[EventDate "2022.08.12"]
[EventType "swiss"]
[EventCountry "GER"]
[SourceTitle "playchess.com"]
[Source "ChessBase"]
[SourceQuality "1"]
[TimeControl "40/5400+30:1800+30"]

1. Nf3 e6 2. c4 f5 3. g3 Nf6 4. Bg2 Be7 5. O-O O-O 6. d4 d6 7. b3 Nc6 {[%emt 0:01:04][%cal Bb8c6,Bc6b4,Bb4d5,Bd5c3][%mdl 32] A96: Classical Dutch: Fluid Systems: Early deviations.} 8. d5 exd5 9. cxd5 {[%emt 0:00:08] [#]} Nb4 $146 {[%emt 0:00:28] White has an edge.} ({Predecessor:} 9... Ne5 10. Nc3 Bd7 11. Bb2 Qe8 12. a4 Qh5 13. Nb5 f4 14. Nxc7 Bh3 15. Ne6 Nfg4 16. Bxe5 dxe5 17. Nxf8 {0-1 (24) Grandelius,N (2662)-Espinosa Veloz,E (2485) Chess.com INT 2020}) 10. Nc3 Ne4 11. Nxe4 (11. Bb2 $1 $14) 11... fxe4 $11 12. Nd4 Nxd5 13. Bxe4 Nc3 14. Qd3 Nxe4 15. Qxe4 d5 16. Qc2 {[%emt 0:13:27] [#]} ({White should try} 16. Qe3) 16... c5 $1 $36 {[%emt 0:01:15][%mdl 2048] White is under strong pressure.} 17. Nf3 Bf5 18. Qd2 d4 19. Bb2 Qd5 20. Rfd1 Be4 {[%emt 0:04:39] Strongly threatening ...Qh5.} 21. b4 (21. Rf1 {might work better.}) 21... b6 {[%emt 0:00:58] Hoping for ...Qh5.} ({Not} 21... cxb4 22. Qxd4 Qxd4 23. Rxd4 $15) 22. bxc5 bxc5 {[%emt 0:00:10] White must now prevent ...Qh5.} 23. Nxd4 cxd4 24. f3 (24. Qxd4 $142 Qxd4 25. Rxd4) 24... Bg6 25. Bxd4 Rfd8 26. Qe3 Qf7 27. Bxa7 Bf6 {[%emt 0:04:22][%csl LRa1,LRa7] This bishop pair is nice.} 28. Bd4 (28. Rxd8+ $142 Rxd8 29. Re1) 28... Rxd4 29. Rxd4 Re8 {[%emt 0:00:25][%mdl 64] [#] Skewer} 30. Qf4 (30. Qc3 {is a better defense.}) 30... Rxe2 $19 31. Rad1 Bxd4+ 32. Rxd4 (32. Qxd4 $19 Qxf3 33. Qd8+ Be8 34. Qd5+ Qxd5 35. Rxd5) 32... Qxa2 {[%emt 0:00:57] Black took control after the opening.  Weighted Error Value: White=0.59/Black=0.12 (very precise)} 0-1

[Event "34th GER-ch Seniors-50 2022"]
[Site "Magdeburg"]
[Date "2022.08.17"]
[Round "6.3"]
[White "Pitschka, Claus"]
[Black "De Roda Husman, Juan"]
[Result "0-1"]
[ECO "A42"]
[WhiteElo "2188"]
[BlackElo "2266"]
[Annotator "NA RC"]
[PlyCount "102"]
[EventDate "2022.08.12"]
[EventType "swiss"]
[EventCountry "GER"]
[SourceTitle "playchess.com"]
[Source "ChessBase"]
[SourceQuality "1"]
[TimeControl "40/5400+30:1800+30"]

1. d4 d6 2. e4 g6 3. c4 Bg7 4. Nc3 Nd7 5. g3 e5 6. d5 Ngf6 7. Bg2 O-O 8. Be3 a5 9. a3 Nc5 (9... c6 $142 $1) 10. Nge2 Bd7 11. O-O a4 12. Bxc5 dxc5 13. d6 Be6 14. dxc7 Qxc7 15. Nd5 Qa5 16. Nec3 Nxd5 17. cxd5 Bd7 $1 18. Re1 b5 19. Rc1 Bh6 20. Rc2 Rac8 21. Ne2 b4 22. Nc1 bxa3 23. bxa3 c4 24. Na2 c3 25. Nb4 (25. Qe2 $17) 25... Bd2 26. Rxd2 cxd2 27. Qxd2 Qc5 28. Qd1 Qc3 29. f4 $2 (29. Qa1 {was necessary.}) 29... Qxa3 30. Nd3 exf4 31. gxf4 Bb5 32. Ne5 Qc5+ 33. Kh1 a3 34. Bh3 Ra8 35. Qa1 Qb4 36. Rb1 Qxe4+ 37. Bg2 {[%emt 0:00:06] [#]} Qxf4 $1 38. Rxb5 Rfe8 39. d6 Rac8 40. Bc6 {[%emt 0:03:02] [#]} Rxc6 $1 41. Nxc6 Qf3+ 42. Kg1 Qxc6 43. Re5 Ra8 44. Qd4 Qc1+ (44... a2 $142 45. Re1 Ra4) 45. Kf2 a2 (45... Qc2+ $142 46. Kg3 Qb3+ 47. Kf2 Rd8) 46. d7 Qc2+ 47. Kg3 $19 (47. Re2 {only move.} Qf5+ 48. Kg2 Qxd7 49. Qxd7) 47... Ra3+ 48. Kf4 Qxh2+ 49. Kg5 Qg3+ 50. Kf6 Ra6+ 51. Ke7 Qa3+ 0-1